 Dungeon Crawl Stone Soup version 0.21.1-1-g345015f (webtiles) character file.

403 ninurtach the Magician (level 6, -2/44 HPs)
             Began as a Gnoll Wizard on May 18, 2018.
             Was an Initiate of Ashenzari.
             Slain by Pikel
             ... wielding a +2 whip of electrocution
              (8 damage)
             ... on level 4 of the Dungeon.
             The game lasted 00:16:52 (7286 turns).

ninurtach the Magician (Gnoll Wizard)               Turns: 7286, Time: 00:16:53

Health: -2/44      AC:  3    Str:  9    XL:     6   Next: 86%
Magic:  7/16       EV: 14    Int: 23    God:    Ashenzari [......]
Gold:   241        SH:  0    Dex: 13    Spells: 8/19 levels left

rFire    . . .     SeeInvis .   q - +2 hand axe (chop)
rCold    . . .     Gourm    .   (no shield)
rNeg     . . .     Faith    .   a - +0 robe
rPois    .         Spirit   .   o - +0 helmet
rElec    .         Reflect  .   (no cloak)
rCorr    .         Harm     .   (no gloves)
MR       .....                  (no boots)
Stlth    ++++......             (no amulet)
HPRegen  0.14/turn              k - ring of stealth
MPRegen  0.15/turn              (no ring)

@: no status effects
A: distributed training, fangs 1, strong nose
a: Curse Item, Renounce Religion


You were on level 4 of the Dungeon.
You worshipped Ashenzari.
Ashenzari was noncommittal.
You were not hungry.

You visited 2 branches of the dungeon, and saw 5 of its levels.

You collected 241 gold pieces.

Inventory:

Hand Weapons
 m - a +0 spear
 q - a +2 hand axe of chopping (weapon)
 r - a +0 dagger of venom
Armour
 a - a +0 robe (worn)
 b - a +0 hat
 o - a +0 helmet (worn)
Jewellery
 k - a ring of stealth (left hand)
Scrolls
 g - 2 scrolls of teleportation
 h - a scroll of identify {unknown}
 i - a scroll of magic mapping {unknown}
 p - a scroll of blinking {unknown}
 s - a scroll of amnesia {unknown}
Potions
 e - a potion of haste {unknown}
 f - 3 potions of curing
 j - 2 potions of brilliance {unknown}
 l - a potion of resistance {unknown}
 n - 2 potions of might {unknown}
 u - a potion of ambrosia {unknown}
Books
 c - a book of Minor Magic

   Spells                             Type                      Level
   a - Magic Dart                     Conjuration                  1
   b - Blink                          Translocation                2
   c - Call Imp                       Summoning                    2
   d - Slow                           Hexes                        2
   e - Conjure Flame                  Conjuration/Fire             3
   f - Mephitic Cloud                 Conjuration/Poison/Air       3
Comestibles
 d - 7 rations


   Skills:
 + Level 2.1 Fighting
 + Level 2.1 Short Blades
 + Level 2.1 Long Blades
 + Level 2.1 Axes
 + Level 2.1 Maces & Flails
 + Level 2.1 Polearms
 + Level 2.1 Staves
 + Level 2.1 Slings
 + Level 2.1 Bows
 + Level 2.1 Crossbows
 + Level 2.1 Throwing
 + Level 2.1 Armour
 + Level 5.0 Dodging
 + Level 4.7 Stealth
 + Level 2.1 Shields
 + Level 2.1 Unarmed Combat
 + Level 7.4 Spellcasting
 + Level 2.7 Conjurations
 + Level 1.6 Hexes
 + Level 1.6 Charms
 + Level 2.7 Summonings
 + Level 1.6 Necromancy
 + Level 2.7 Translocations
 + Level 1.6 Transmutations
 + Level 1.6 Fire Magic
 + Level 1.6 Ice Magic
 + Level 1.6 Air Magic
 + Level 1.6 Earth Magic
 + Level 1.6 Poison Magic
 + Level 2.3 Invocations
 + Level 2.1 Evocations


You had 8 spell levels left.
You knew the following spells:

 Your Spells              Type           Power        Failure   Level  Hunger
a - Magic Dart            Conj           ###.         2%          1    None
b - Blink                 Tloc           N/A          3%          2    None
c - Call Imp              Summ           ###.....     3%          2    None
d - Conjure Flame         Conj/Fire      ###.....     9%          3    None
e - Mephitic Cloud        Conj/Pois/Air  ###.....     10%         3    None


Dungeon Overview and Level Annotations

Branches:
Dungeon (4/15)             Temple (1/1) D:4

Altars:
Ashenzari
Cheibriados
Dithmenos
Fedhas
Gozag
Hepliaklqana
Kikubaaqudgha
Makhleb
Okawaru
Sif Muna
Uskayaw
Vehumet
Wu Jian
Yredelemnul
Zin
The Shining One

Shops:
D:4 [

Annotations:
D:4 Pikel


Innate Abilities, Weirdness & Mutations

Your experience applies equally to all skills.
You have very sharp teeth.
Your uncanny sense of smell can sniff out nearby items.


Message History

You take 6 damage, and have 38/44 hp.
Danger x4: slave x3, Pikel!
You hit Pikel but do no damage. Pikel hits you but does no damage.
Your crimson imp closely misses Pikel. x2
Your shadow imp hits Pikel but does no damage.
Pikel hits you with a whip of electrocution.
You take 6 damage, and have 32/44 hp.
You closely miss Pikel.
Your crimson imp blinks!
Your crimson imp barely misses Pikel.
Your shadow imp barely misses Pikel.
Pikel hits you with a whip of electrocution!
You are electrocuted!
* * * LOW HITPOINT WARNING * * *
You take 21 damage, and have 11/44 hp.
MASSIVE DAMAGE!!
Danger x4: slave x3, Pikel!
You swap places.
Your crimson imp closely misses Pikel.
Pikel hits you with a whip of electrocution.
* * * LOW HITPOINT WARNING * * *
You are electrocuted!
You die...

#..).....#........### ##
#......###......###
#....### ##...### #...##
##..### ###..##
####.....##
##..######..p......#
##..#####...†.p.....#
###..####....55Kp.....#
###...####..)...@5###...#
....#####......).##.##..#
#..## #.))....#.#._.#.##
##.## ##.......#.......#
#..###........##.....##
##.##..........##...##.#
#..#...........#####..#
###### #..##............
#.####.....
##.##............
#..........


You could see Pikel, 3 slaves, 2 friendly crimson imps and a friendly shadow
imp.

Vanquished Creatures
  A phantom (D:3)
  A hound (D:4)
  An orc wizard (D:4)
  2 gnolls (D:2)
  3 adders
  2 oozes
  3 worms (D:2)
  4 dart slugs
  5 leopard geckos
  10 orcs
  5 giant cockroaches
  4 goblins
  13 hobgoblins
  8 jackals
  14 kobolds
  A quokka (D:3)
  3 ball pythons
  9 bats
  10 frilled lizards
  4 rats
103 creatures vanquished.

Vanquished Creatures (collateral kills)
  A slave (D:4)
  A big kobold (D:3)
  An adder (D:3)
  2 gnolls (D:2)
  An adder skeleton (D:4)
  A worm (D:2)
  7 orcs
  A bat (D:3)
  A hobgoblin (D:3)
  3 jackals
19 creatures vanquished.

Grand Total: 122 creatures vanquished

Notes
Turn   | Place    | Note
-------+----------+-------------------------------------------
     0 | D:1      | ninurtach the Gnoll Wizard began the quest for the Orb.
     0 | D:1      | Reached XP level 1. HP: 13/13 MP: 8/8
   184 | D:1      | Reached XP level 2. HP: 19/19 MP: 5/10
   196 | D:1      | Learned a level 2 spell: Blink
   199 | D:1      | Learned a level 2 spell: Call Imp
   887 | D:1      | Reached XP level 3. HP: 22/25 MP: 6/11
   990 | D:1      | Learned a level 3 spell: Conjure Flame
   994 | D:1      | Learned a level 3 spell: Mephitic Cloud
  1441 | D:1      | Reached skill level 1 in Invocations
  1898 | D:2      | Reached skill level 1 in Fighting
  1898 | D:2      | Reached skill level 1 in Short Blades
  1898 | D:2      | Reached skill level 1 in Long Blades
  1898 | D:2      | Reached skill level 1 in Axes
  1898 | D:2      | Reached skill level 1 in Maces & Flails
  1898 | D:2      | Reached skill level 1 in Polearms
  1898 | D:2      | Reached skill level 1 in Staves
  1898 | D:2      | Reached skill level 1 in Slings
  1898 | D:2      | Reached skill level 1 in Bows
  1898 | D:2      | Reached skill level 1 in Crossbows
  1898 | D:2      | Reached skill level 1 in Throwing
  1898 | D:2      | Reached skill level 1 in Armour
  1898 | D:2      | Reached skill level 1 in Shields
  1898 | D:2      | Reached skill level 1 in Unarmed Combat
  1898 | D:2      | Reached skill level 1 in Evocations
  1950 | D:2      | Reached XP level 4. HP: 21/32 MP: 3/13
  2435 | D:2      | Reached skill level 1 in Hexes
  2435 | D:2      | Reached skill level 1 in Charms
  2435 | D:2      | Reached skill level 1 in Necromancy
  2435 | D:2      | Reached skill level 1 in Transmutations
  2435 | D:2      | Reached skill level 1 in Fire Magic
  2435 | D:2      | Reached skill level 1 in Ice Magic
  2435 | D:2      | Reached skill level 1 in Air Magic
  2435 | D:2      | Reached skill level 1 in Earth Magic
  2435 | D:2      | Reached skill level 1 in Poison Magic
  3030 | D:2      | Reached XP level 5. HP: 37/37 MP: 11/14
  3549 | D:3      | Noticed a phantom
  3598 | D:3      | Killed a phantom
  4444 | D:3      | Reached XP level 6. HP: 44/44 MP: 11/16
  5149 | D:3      | Reached skill level 5 in Dodging
  5683 | D:4      | Noticed a slave
  5744 | D:4      | Found a staircase to the Ecumenical Temple.
  5759 | Temple   | Entered the Ecumenical Temple
  5825 | Temple   | Became a worshipper of Ashenzari the Shackled
  5956 | D:4      | Found Rucurir's Antique Armour Boutique.
  5962 | D:4      | Noticed a slave
  5984 | D:4      | Killed a slave
  6613 | D:4      | Found a shadowy altar of Dithmenos.
  6628 | D:4      | Noticed Pikel
  6634 | D:4      | Noticed a slave
  6651 | D:4      | Noticed a slave
  7286 | D:4      | Slain by Pikel

Skill      XL: |  1  2  3  4  5  6 |
---------------+-------------------+-----
Conjurations   | 2 |  2.7
Summonings     | 2 |  2.7
Translocations | 2 |  2.7
Invocations    | 1 2 |  2.3
Fighting       | 1 2 |  2.1
Short Blades   | 1 2 |  2.1
Long Blades    | 1 2 |  2.1
Axes           | 1 2 |  2.1
Maces & Flails | 1 2 |  2.1
Polearms       | 1 2 |  2.1
Staves         | 1 2 |  2.1
Slings         | 1 2 |  2.1
Bows           | 1 2 |  2.1
Crossbows      | 1 2 |  2.1
Throwing       | 1 2 |  2.1
Armour         | 1 2 |  2.1
Shields        | 1 2 |  2.1
Unarmed Combat | 1 2 |  2.1
Evocations     | 1 2 |  2.1
Hexes          | 1 |  1.6
Charms         | 1 |  1.6
Necromancy     | 1 |  1.6
Transmutations | 1 |  1.6
Fire Magic     | 1 |  1.6
Ice Magic      | 1 |  1.6
Air Magic      | 1 |  1.6
Earth Magic    | 1 |  1.6
Poison Magic   | 1 |  1.6
Dodging        | 5 |  5.0
Stealth        | |  4.7
Spellcasting   | |  7.4

Action                   |  1- 3 |  4- 6 || total
-------------------------+-------+-------++-------
Melee: Whip              |    35 |     3 ||    38
       Unarmed           |     5 |       ||     5
       Bite              |     5 |    12 ||    17
       Spear             |       |    61 ||    61
       Punch             |       |     1 ||     1
       Hand axe          |       |    62 ||    62
 Cast: Magic Dart        |    71 |   129 ||   200
       Call Imp          |     3 |    16 ||    19
       Conjure Flame     |     1 |     1 ||     2
       Mephitic Cloud    |       |     8 ||     8
  Use: Scroll            |       |     4 ||     4
 Stab: Sleeping          |     1 |     5 ||     6
       Distracted        |     1 |     1 ||     2
  Eat: Chunk             |     3 |    14 ||    17
       Ration            |       |     1 ||     1
Armor: Robe              |     3 |     7 ||    10
Dodge: Dodged            |    38 |    92 ||   130
